AoeStats
← Lost My Scout

Oasis

510006276Analyzed
4v4 RM · 2d ago on Sep 29, 2026· 41m 43s· 8 players
Game mode
Random Map
Map size
Large (8 player)
Population
200
Speed
Normal
Resources
Standard
Victory
Conquest
Starting age
Dark Age
Ending age
Imperial Age
RankedLock teamsTeams togetherTeam positionsShared explorationLock speedFull tech treeHidden civsTurbo modeCheats
Victory
Defeat
🇲🇽 Persians · Mexico
859
+13
🇲🇽 Varangians · Mexico
858
+13
🇵🇪 Turks · Peru
837
+14
🇺🇸 Franks · United States
826
+14
🇧🇷 Sicilians · Brazil
844
-15
🇧🇷 Lithuanians · Brazil
816
-14
🇧🇷 Britons · Brazil
796
-14
🇧🇷 Franks · Brazil
714
-11
Lost My Scout
0:33 Loom
15:34 Feudal Age
16:06 Double-Bit Axe
16:15 Gold Mining
16:20 Stone Mining
16:39 Arson
23:35 Castle Age
22:30 Scale Mail Armor
22:41 Forging
22:37 Scale Barding Armor
22:46 Fletching
25:04 Bow Saw
25:46 Gold Shaft Mining
24:34 Pikeman
25:15 Squires
26:17 Wheelbarrow
25:37 Town Watch
27:49 Hand Cart
27:22 Light Cavalry
28:51 Town Patrol
29:42 Husbandry
32:15 Caravan
35:48 Imperial Age
33:44 Chain Barding Armor
33:37 Fortified Wall
33:08 Treadmill Crane
35:14 Murder Holes
35:30 Masonry
35:59 Iron Casting
35:20 Bodkin Arrow
35:41 Chain Mail Armor
36:51 Conscription
36:00 Cavalier
37:18 Hoardings
36:44 Herbal Medicine
36:50 Devotion
37:44 Ballistics
39:18 Blast Furnace
39:18 Paladin
42:07 Chemistry
40:52 Arrowslits
41:39 Architecture
42:51 Plate Barding Armor
42:47 Plate Mail Armor
OSITOCRACKYT
5:55 Loom
8:55 Feudal Age
20:57 Forging
21:20 Bloodlines
23:52 Castle Age
22:24 Scale Barding Armor
24:44 Husbandry
30:36 Iron Casting
35:52 Imperial Age
34:58 Double-Bit Axe
35:50 Wheelbarrow
35:01 Horse Collar
38:28 Padded Archer Armor
38:19 Fletching
39:03 Gold Mining
39:09 Stone Mining
39:34 Bow Saw
39:24 Heavy Plow
41:46 Two-Man Saw
41:48 Iron Casting
41:34 Chain Barding Armor
Mono de Guayaba
3:50 Loom
13:07 Feudal Age
20:08 Castle Age
18:46 Bloodlines
21:03 Scale Barding Armor
22:14 Light Cavalry
24:26 Husbandry
26:39 Chain Barding Armor
26:30 Forging
28:24 Wheelbarrow
30:38 Hand Cart
30:10 Double-Bit Axe
33:36 Iron Casting
33:53 Vendel Legacy
35:26 Arson
35:41 Squires
35:27 Gambesons
35:48 Scale Mail Armor
41:50 Imperial Age
39:42 Chain Mail Armor
Rompe--Anos
0:28 Loom
13:47 Feudal Age
18:35 Castle Age
19:23 Double-Bit Axe
23:21 Horse Collar
37:37 Imperial Age
35:35 Bow Saw
37:17 Ballistics
39:06 Chemistry
38:22 Scale Barding Armor
38:28 Forging
38:43 Conscription
38:58 Heavy Scorpion
40:04 Chain Barding Armor
joselitopereirajr
12:55 Feudal Age
18:00 Castle Age
16:18 Loom
19:09 Wheelbarrow
25:29 Double-Bit Axe
27:27 Scale Barding Armor
28:28 Forging
29:49 Iron Casting
32:24 Husbandry
32:35 Bloodlines
32:14 Horse Collar
32:53 Hand Cart
39:44 Bow Saw
39:46 Heavy Plow
42:12 Chain Barding Armor
Drakula Kill
11:23 Feudal Age
12:43 Double-Bit Axe
13:10 Gold Mining
13:53 Horse Collar
15:39 Loom
20:33 Stone Mining
24:21 Forging
24:11 Scale Mail Armor
26:15 Castle Age
27:57 Heavy Plow
28:14 Bow Saw
Rênio Figueirêdo
13:56 Feudal Age
THIAGO
8:25 Loom
10:22 Feudal Age
11:28 Double-Bit Axe
24:57 Castle Age
23:38 Gold Mining
24:26 Wheelbarrow
26:21 Pikeman
30:55 Stone Mining
31:11 Fletching
35:16 Crossbowman
39:08 Bow Saw
38:49 Horse Collar
41:23 Ballistics
41:33 Forging
41:26 Scale Mail Armor
Connection lost

Rejoining the realm…

Still unreachable

The connection could not be restored.

Session expired

The server has moved on; the page needs a fresh start.